 Dungeon Crawl Stone Soup version 0.19.0-2-gae57169 (webtiles) character file.

2403 dvd the Tainter (level 9, 0/57 HPs)
             Began as an Octopode Venom Mage on Nov 5, 2016.
             Was a Follower of Vehumet.
             Slain by a wight
             ... wielding a +0 morningstar
              (4 damage)
             ... on level 6 of the Dungeon.
             The game lasted 00:29:41 (7008 turns).

dvd the Tainter (Octopode Venom Mage)               Turns: 7008, Time: 00:29:42

Health: 0/57       AC:  3    Str:  7    XL:     9   Next: 47%
Magic:  24/26      EV: 15    Int: 20    God:    Vehumet [*.....]
Gold:   267        SH:  0    Dex: 19    Spells: 8 memorised, 2 levels left

rFire  . . .     SeeInvis .     J - +5 scimitar (freeze)
rCold  . . .     Gourm    .     (no shield)
rNeg   . . .     Faith    .     (helmet restricted)
rPois  .         Spirit   .     (no amulet)
rElec  .         Reflect  .     o - ring of wizardry
rCorr  .         Harm     .     u - ring of magical power
MR     .....                    w - +2 ring of protection
Stlth  ++++......               y - +6 ring of dexterity
                                (no ring)
                                (no ring)
                                (no ring)
                                (no ring)

@: repel missiles, heavily drained
A: almost no armour, stealthy swim, amphibious, 8 rings, constrict 8, camouflage
1, gelatinous body 1
a: Renounce Religion


You were on level 6 of the Dungeon.
You worshipped Vehumet.
Vehumet was aware of your devotion.
You were not hungry.

You visited 2 branches of the dungeon, and saw 7 of its levels.
You also visited: Sewer.

You collected 267 gold pieces.

Inventory:

Hand Weapons
 p - a +2 whip of freezing
 r - a +0 vampiric short sword
 s - a +1 dire flail of holy wrath
 z - a +1 dagger of venom
 A - a +2 hand axe of flaming
 B - a +1 mace of protection
 J - a +5 scimitar of freezing (weapon)
Jewellery
 o - a ring of wizardry (left tentacle)
 u - a ring of magical power (right tentacle)
 w - a +2 ring of protection (on tentacle)
 y - a +6 ring of dexterity (on tentacle)
Wands
 H - a wand of polymorph (8/24)
Scrolls
 f - 2 scrolls of teleportation {unknown}
 h - 8 scrolls of identify
 m - a scroll of fear
 q - a scroll of remove curse
 I - a scroll of amnesia {unknown}
Potions
 e - 3 potions of haste
 i - a potion of agility
 j - a potion of flight
 k - 3 potions of brilliance
 l - a potion of berserk rage
 n - 3 potions of curing
 t - 4 potions of heal wounds
 C - a potion of lignification {unknown}
 F - a potion of cure mutation {unknown}
 G - a potion of might {unknown}
Books
 a - a Young Poisoner's Handbook

   Spells                             Type                      Level
   a - Sting                          Conjuration/Poison           1
   b - Mephitic Cloud                 Conjuration/Poison/Air       3
   c - Olgreb's Toxic Radiance        Poison                       4
   d - Alistair's Intoxication        Transmutation/Poison         5
   e - Venom Bolt                     Conjuration/Poison           5
 g - a book of Minor Magic

   Spells                             Type                      Level
   a - Magic Dart                     Conjuration                  1
   b - Blink                          Translocation                2
   c - Call Imp                       Summoning                    2
   d - Repel Missiles                 Charms/Air                   2
   e - Slow                           Hexes                        2
   f - Conjure Flame                  Conjuration/Fire             3
   g - Mephitic Cloud                 Conjuration/Poison/Air       3
 E - a book of Maledictions

   Spells                             Type                      Level
   a - Corona                         Hexes                        1
   b - Ensorcelled Hibernation        Hexes/Ice                    2
   c - Confuse                        Hexes                        3
   d - Tukima's Dance                 Hexes                        3
   e - Dazzling Spray                 Conjuration/Hexes            3
Comestibles
 b - 4 bread rations
 c - 5 fruits
 d - 4 beef jerkies
 v - 2 meat rations
 x - 6 chunks of flesh
 D - a slice of pizza


   Skills:
 + Level 3.3(2.0) Fighting
 + Level 4.5(3.1) Short Blades
 + Level 0.2(0.0) Maces & Flails
 + Level 4.5(3.1) Dodging
 + Level 6.8(5.4) Stealth
 + Level 5.4(4.0) Spellcasting
 + Level 2.9(1.6) Conjurations
 + Level 0.2(0.0) Charms
 + Level 1.0(0.0) Summonings
 + Level 2.0(0.8) Air Magic
 + Level 8.4(6.9) Poison Magic


You had 2 spell levels left.
You knew the following spells:

 Your Spells              Type           Power        Failure   Level  Hunger
a - Sting                 Conj/Pois      ###.         1%          1    None
b - Mephitic Cloud        Conj/Pois/Air  ###.....     4%          3    ###....
c - Magic Dart            Conj           ##..         4%          1    None
d - Repel Missiles        Chrm/Air       #.....       9%          2    #......
e - Olgreb's Toxic Radia  Pois           ####....     4%          4    ####...
f - Call Imp              Summ           #.......     9%          2    #......
g - Blink                 Tloc           N/A          9%          2    #......
h - Freeze                Ice            #...         6%          1    None


Dungeon Overview and Level Annotations

Branches:
Dungeon (6/15)             Temple (1/1) D:4

Altars:
Ashenzari
Cheibriados
Dithmenos
Elyvilon
Fedhas
Gozag
Hepliaklqana
Kikubaaqudgha
Makhleb
Nemelex Xobeh
Qazlal
Sif Muna
Uskayaw
Vehumet
Xom
Yredelemnul
Zin
The Shining One

Annotations:
D:5 HopefulHyena's ghost, novice TrMo


Innate Abilities, Weirdness & Mutations

You cannot wear most types of armour.
You are very stealthy in the water. (Stealth+)
You are amphibious.
You can wear up to eight rings at the same time.
You can use your tentacles to constrict eight enemies at once.
Your skin changes colour to match your surroundings (Stealth+).
Your rubbery body absorbs attacks. (AC +1, EV +1)


Message History

J - a +5 scimitar of freezing (weapon)
Unknown command.
You see here a robe.
You see here 12 gold pieces.
You now have 267 gold pieces (gained 12).
Your crimson imp disappears in a puff of smoke!
The helpless wight fails to defend itself.
You slash the wight! You grab the wight.
You squeeze the wight, but do no damage.
The wight is heavily damaged.
You constrict the wight. The wight hits you with a morningstar!
You feel drained.
* * * LOW HITPOINT WARNING * * *
You release your grip on the wight.
Casting: Call Imp
Confirm with . or Enter, or press ? or * to list all spells.
You blink.
The wight hits you with a morningstar!
* * * LOW HITPOINT WARNING * * *
You feel drained.
You die...

.#....####'##....#.....
.#....#...............
.#÷...'............#
##)...##..........##
##[#####........).#
......'.........)[#
##....##...##....§#
.#....#######....z#
.#.....#....#...@z# #
.#.....#....#...%.##.####.
.#(....'....#.............
.#################........
## #########


You could see 2 wights.

Vanquished Creatures
  Pikel (D:5)
  Grinder (Sewer)
  Duvessa (D:6)
  A sky beast (D:4)
  A necrophage (D:5)
  4 slaves (D:5)
  4 ogres
  2 big kobolds (Sewer)
  A bullfrog (D:6)
  Blork the orc (D:5)
  Dowan (D:6)
  3 wights (D:6)
  3 crimson imps
  A quasit (Sewer)
  A bullfrog zombie (D:6)
  3 hounds
  An orc wizard (D:4)
  4 orc priests (D:5)
  3 worker ants
  2 hound skeletons (D:5)
  A worker ant zombie (D:6)
  A gnoll (D:3)
  8 adders
  3 shadow imps
  4 ufetubi (Sewer)
  An adder zombie (Sewer)
  An adder skeleton (D:4)
  A worm (D:3)
  4 dart slugs
  7 leopard geckos
  29 orcs
  A ball python (D:6)
  8 bats
  9 giant cockroaches
  3 hobgoblins (D:3)
  6 jackals
  24 kobolds
  4 quokkas
  3 frilled lizards
  7 goblins
  A quokka skeleton (D:4)
  9 rats
  A plant (D:2)
175 creatures vanquished.

Vanquished Creatures (others)
  An adder (Sewer)
  A worm (D:5)
  A kobold (Sewer)
  A leopard gecko zombie (D:5)
4 creatures vanquished.

Grand Total: 179 creatures vanquished

Notes
Turn   | Place    | Note
-------+----------+-------------------------------------------
     0 | D:1      | dvd the Octopode Venom Mage began the quest for the Orb.
     0 | D:1      | Reached XP level 1. HP: 11/11 MP: 3/3
   107 | D:1      | Reached skill level 5 in Poison Magic
   306 | D:1      | Reached XP level 2. HP: 17/17 MP: 0/5
  1022 | D:2      | Reached XP level 3. HP: 19/21 MP: 1/6
  1254 | D:2      | Learned a level 3 spell: Mephitic Cloud
  1778 | D:3      | Reached XP level 4. HP: 27/27 MP: 7/7
  1931 | D:3      | Learned a level 1 spell: Magic Dart
  1934 | D:3      | Learned a level 2 spell: Repel Missiles
  2459 | D:3      | Reached XP level 5. HP: 32/32 MP: 4/9
  2471 | D:3      | Reached skill level 1 in Short Blades
  2562 | D:3      | Reached skill level 1 in Fighting
  2893 | D:4      | Reached skill level 1 in Conjurations
  2897 | D:4      | Noticed an ogre
  2921 | D:4      | Killed an ogre
  2921 | D:4      | Reached skill level 1 in Air Magic
  2921 | D:4      | Reached skill level 6 in Poison Magic
  2921 | D:4      | Reached XP level 6. HP: 38/38 MP: 2/10
  2980 | D:4      | Found a shadowy altar of Dithmenos.
  3020 | D:4      | Found a glowing drain.
  3027 | Sewer    | Entered a sewer
  3582 | Sewer    | Found a burning altar of Makhleb.
  3594 | Sewer    | Noticed Grinder
  3629 | Sewer    | Reached XP level 7. HP: 17/45 MP: 7/11
  3635 | Sewer    | Learned a level 4 spell: Olgreb's Toxic Radiance
  3646 | Sewer    | Killed Grinder
  4001 | D:4      | Found a staircase to the Ecumenical Temple.
  4007 | Temple   | Entered the Ecumenical Temple
  4165 | Temple   | Became a worshipper of Vehumet
  4627 | D:4      | Reached XP level 8. HP: 51/51 MP: 3/12
  4770 | D:4      | Found a shimmering altar of Xom.
  4808 | D:5      | Entered Level 5 of the Dungeon
  4808 | D:5      | Noticed HopefulHyena's ghost (novice TrMo)
  4883 | D:4      | Learned a level 2 spell: Call Imp
  4936 | D:5      | Reached skill level 5 in Stealth
  4958 | D:5      | Noticed Pikel
  5234 | D:5      | Reached skill level 7 in Poison Magic
  5237 | D:5      | Killed Pikel
  5241 | D:5      | Reached * piety under Vehumet
  5241 | D:5      | Offered knowledge of Freeze by Vehumet.
  5263 | D:4      | Reached XP level 9. HP: 24/56 MP: 2/15
  5267 | D:4      | Learned a level 2 spell: Blink
  5269 | D:4      | Learned a level 1 spell: Freeze
  5483 | D:5      | Reached skill level 8 in Poison Magic
  5508 | D:5      | Noticed Blork the orc
  5696 | D:5      | Killed Blork the orc
  6656 | D:6      | Reached skill level 5 in Spellcasting
  6872 | D:6      | Noticed Duvessa
  6872 | D:6      | Noticed Dowan
  6878 | D:6      | Killed Dowan
  6882 | D:6      | Killed Duvessa
  6882 | D:6      | Reached skill level 1 in Summonings
  7008 | D:6      | Slain by a wight

Skill      XL: |  1  2  3  4  5  6  7  8  9 |
---------------+----------------------------+-----
Poison Magic   | 5 6 7 8 |  8.4
Stealth        | 3 4 6 |  6.8
Short Blades   | 2 3 4 |  4.5
Fighting       | 1 2 3 |  3.3
Conjurations   | 1 2 |  2.9
Air Magic      | 1 2 |  2.0
Dodging        | 3 4 |  4.5
Spellcasting   | 3 4 5 |  5.4
Summonings     | 1 |  1.0
Maces & Flails | |  0.2
Charms         | |  0.2

Action                   |  1- 3 |  4- 6 |  7- 9 || total
-------------------------+-------+-------+-------++-------
Melee: Tentacles         |    13 |    29 |    26 ||    68
       Unarmed           |     1 |       |       ||     1
       Dagger            |    48 |     5 |       ||    53
       Constrict         |     6 |    46 |    40 ||    92
       Short sword       |       |   137 |   128 ||   265
       Mace              |       |       |    16 ||    16
       Hand axe          |       |       |    13 ||    13
       Dire flail        |       |       |     1 ||     1
       Scimitar          |       |       |     1 ||     1
 Cast: Sting             |    48 |    29 |    22 ||    99
       Mephitic Cloud    |     1 |     9 |    13 ||    23
       Repel Missiles    |       |     1 |       ||     1
       Magic Dart        |       |     2 |     6 ||     8
       Olgreb's Toxic Ra |       |       |    25 ||    25
       Call Imp          |       |       |    10 ||    10
       Blink             |       |       |     4 ||     4
  Use: Scroll            |       |     6 |     1 ||     7
       Potion            |       |     3 |     5 ||     8
 Stab: Sleeping          |     3 |     3 |     5 ||    11
       Confused          |       |     5 |     7 ||    12
  Eat: Chunk             |     3 |     5 |     8 ||    16
       Meat ration       |       |     2 |     1 ||     3
Armor: Skin              |     3 |    16 |    12 ||    31
Dodge: Dodged            |    14 |   142 |    99 ||   255
       Deflected         |       |     4 |       ||     4
